 Dungeon Crawl Stone Soup version 0.31-a0-188-g5e087ee2ca (webtiles) character file.

Game seed: 29080963684340989

764 qw the Skirmisher (level 7, 0/40 HPs)
             Began as a Deep Elf Hunter on June 22, 2023.
             Slain by an orc priest
             ... wielding a +0 hand axe
              (2 damage)
             ... on level 5 of the Dungeon.
             The game lasted 00:01:27 (3577 turns).

qw the Skirmisher (Deep Elf Hunter)                 Turns: 3577, Time: 00:01:27

Health: 0/40       AC:  7    Str: 10    XL:     7   Next: 51%
Magic:  9/9        EV: 13    Int: 14    God:
Gold:   34         SH:  0    Dex: 18    Spells: 6/6 levels left

rFire   . . .        Y - +1 shortbow (drain)
rCold   . . .        (shield currently unavailable)
rNeg    . . .        m - +1 leather armour {Will+}
rPois   .            (no helmet)
rElec   .            f - +2 cloak
rCorr   .            (no gloves)
SInv    .            (no boots)
Will    +....        (no amulet)
Stlth   ++           (no ring)
HPRegen 0.26/turn    (no ring)
MPRegen 0.11/turn

%: no passive effects
@: lethally poisoned (0 -> -11), about to teleport
A: no striking features
a: no special abilities


You were on level 5 of the Dungeon.
You visited 1 branch of the dungeon, and saw 5 of its levels.

You collected 266 gold pieces.
You spent 232 gold pieces at shops.


   Skills:
 - Level 2.8 Fighting
 + Level 10.8 Ranged Weapons
 - Level 4.4 Dodging
 - Level 1.2 Stealth


You had 6 spell levels left.
You didn't know any spells.
Your spell library was empty.

Inventory:

Hand Weapons
 Y - a +1 shortbow of draining (weapon)
Armour
 e - a +0 ring mail
 f - a +2 cloak (worn)
 i - a +0 helmet
 j - a +0 scale mail of fire resistance
 m - a +1 leather armour of willpower (worn)
Scrolls
 a - 3 scrolls of teleportation
 b - 2 scrolls of enchant armour
 c - a scroll of identify
Potions
 d - a potion of heal wounds {unknown}
 g - a potion of might
 h - a potion of curing
 k - a potion of cancellation {unknown}
 l - a potion of attraction {unknown}

Dungeon Overview and Level Annotations

Branches:
Dungeon (5/15)
 Temple: D:4-7

Altars:
Ashenzari
Hepliaklqana
Kikubaaqudgha
Uskayaw
Wu Jian

Shops:
D:5 [

Annotations:
D:3 1 runed translucent door, Crazy Yiuf
D:5 3 runed translucent doors, qw's ghost, amateur DEHu


Message History

You start resting.
HP restored.
You shoot an arrow. The arrow hits the orc priest.
The orc priest is heavily wounded.
The orc priest calls down the wrath of Beogh upon you.
Beogh smites you!
You shoot an arrow. The arrow hits the orc wizard.
You drain the orc wizard.
The orc wizard is heavily wounded.
The scorpion barely misses you.
You shoot an arrow. The arrow closely misses the scorpion.
The scorpion stings you.
You shoot an arrow.
The arrow hits the orc wizard but does no damage.
The orc wizard is heavily wounded.
The orc wizard hits you but does no damage.
The scorpion stings you.
You are poisoned.
The scorpion poisons you!
You shoot an arrow. The arrow hits the orc wizard!
You kill the orc wizard!
You feel sick. The scorpion barely misses you.
You shoot an arrow. The arrow barely misses the scorpion.
You feel sick. The scorpion closely misses you.
You shoot an arrow.
The arrow closely misses the orc priest.
You feel sick. The scorpion stings you.
The orc priest looks braver for a moment.
You shoot an arrow. The arrow hits the orc priest.
The orc priest is almost dead.
You feel sick. The scorpion closely misses you.
The orc priest mumbles some strange prayers to Beogh against you.
Beogh smites you!
3577 ||| READING 4 scrolls of teleportation.
As you read the scroll of teleportation, it crumbles to dust.
You feel strangely unstable.
You feel sick. The scorpion stings you.
You are more poisoned.
The scorpion poisons you!
The orc priest hits you with a +0 hand axe.
You die...

#.......#...........#.......'..
#.......+<..........#.......#..
#......##....##.....'...)...#..
#.... #....##...##..###
.....####'###...##..###
.....o#.....#....#.....
....so).....#....#.....
##s....#....#.....
#@o....#....#.....
#.....##.#..#....#
################## # # # #


You could see a scorpion and an orc priest.

Vanquished Creatures
  An ice beast (D:5)
  2 ogres (D:5)
  A kobold brigand (D:5)
  A scorpion (D:5)
  2 hounds
  An orc priest (D:5)
  Jessica (D:3)
  3 orc wizards (D:5)
  An iguana (D:5)
  6 adders
  A worm (D:3)
  6 dart slugs
  9 orcs
  11 endoplasms
  3 giant cockroaches
  6 goblins
  4 hobgoblins
  3 jackals (D:1)
  4 quokkas
  16 ball pythons
  4 bats
  4 frilled lizards
  6 kobolds
  6 rats
102 creatures vanquished.

Notes
Turn   | Place    | Note
-------+----------+-------------------------------------------
     0 | D:1      | qw the Deep Elf Hunter began the quest for the Orb.
     0 | D:1      | Reached XP level 1. HP: 12/12 MP: 3/3
     0 | D:1      | 0 ||| qw: Version: 0.3-a-9-g12657ce
     0 | D:1      | 0 ||| qw: Game counter: 2737
     0 | D:1      | 0 ||| qw: Always use a shield: true
     0 | D:1      | 0 ||| qw: God list: Okawaru
     0 | D:1      | 0 ||| qw: Allow faded altars: false
     0 | D:1      | 0 ||| qw: Do Orc after D:15 true
     0 | D:1      | 0 ||| qw: Do second Lair branch before Depths: true
     0 | D:1      | 0 ||| qw: Lair rune preference: random
     0 | D:1      | 0 ||| qw: Plans: Normal
     0 | D:1      | 0 ||| PLANNING D:1-11
   177 | D:1      | Found a faded altar of an unknown god.
   204 | D:1      | Reached skill level 6 in Ranged Weapons
   204 | D:1      | Reached XP level 2. HP: 16/16 MP: 4/4
   352 | D:1      | 352 ||| FLEEEEING.
   353 | D:1      | 353 ||| FLEEEEING.
   355 | D:1      | 355 ||| FLEEEEING.
   356 | D:1      | 356 ||| FLEEEEING.
   357 | D:1      | 357 ||| FLEEEEING.
   358 | D:1      | 358 ||| FLEEEEING.
   359 | D:1      | 359 ||| FLEEEEING.
   405 | D:1      | Reached XP level 3. HP: 20/20 MP: 5/5
   608 | D:1      | 608 ||| DROPPING ring of magical power.
   609 | D:1      | 609 ||| READING scroll labelled YRESOUTIHO.
   610 | D:1      | 610 ||| READING scroll labelled YJATUF ETWO.
   611 | D:1      | 611 ||| READING scroll labelled ZITOD IVVOGHUPS.
   614 | D:1      | 614 ||| DROPPING scroll of butterflies.
   640 | D:2      | Found a hide-covered altar of Uskayaw.
   698 | D:2      | Reached skill level 7 in Ranged Weapons
   932 | D:2      | Reached XP level 4. HP: 25/25 MP: 6/6
  1074 | D:2      | 1074 ||| READING scroll labelled PUN ROENGUYSO.
  1075 | D:2      | 1075 ||| READING scroll labelled HEUPTU EMAQEW.
  1076 | D:2      | 1076 ||| READING scroll labelled GOM KAROPHISOO.
  1077 | D:2      | 1077 ||| DRINKING 2 golden potions.
  1078 | D:2      | 1078 ||| DRINKING 2 metallic black potions.
  1079 | D:2      | 1079 ||| DRINKING 2 pink potions.
  1080 | D:2      | 1080 ||| DROPPING potion of brilliance.
  1416 | D:3      | Noticed Jessica
  1423 | D:3      | Killed Jessica
  1424 | D:3      | Reached skill level 8 in Ranged Weapons
  1487 | D:3      | Found a runed translucent door.
  1488 | D:3      | Noticed Crazy Yiuf
  1657 | D:3      | Found a hazy altar of Hepliaklqana.
  1705 | D:3      | Found a broken altar of Ashenzari.
  1879 | D:3      | 1879 ||| UPGRADING to +0 cloak.
  1884 | D:3      | 1884 ||| UPGRADING to +1 leather armour of willpower.
  1894 | D:3      | 1894 ||| DROPPING +0 leather armour.
  1895 | D:3      | 1895 ||| READING 3 scrolls of enchant armour.
  1895 | D:3      | 1895 ||| ENCHANTING +0 cloak.
  1896 | D:3      | 1896 ||| READING 2 scrolls of enchant armour.
  1896 | D:3      | 1896 ||| ENCHANTING +1 cloak.
  1897 | D:3      | 1897 ||| READING scroll labelled TAN AXAARO.
  1898 | D:3      | 1898 ||| READING scroll labelled REKU NOMEIDGHEA.
  1899 | D:3      | 1899 ||| DRINKING 2 viscous brown potions.
  1900 | D:3      | 1900 ||| DROPPING potion of magic.
  1977 | D:4      | Reached XP level 5. HP: 29/29 MP: 7/7
  2009 | D:4      | Noticed a +0 hand axe
  2010 | D:4      | Found a hide-covered altar of Uskayaw.
  2010 | D:4      | Noticed a +0 hand axe
  2027 | D:4      | Found an ancient bone altar of Kikubaaqudgha.
  2173 | D:4      | You fall into a shaft and drop 1 floor!
  2173 | D:5      | Entered Level 5 of the Dungeon
  2486 | D:4      | 2486 ||| FLEEEEING.
  2487 | D:4      | 2487 ||| FLEEEEING.
  2497 | D:4      | 2497 ||| STAIRDANCE
  2588 | D:3      | 2588 ||| DRINKING 2 metallic grey potions.
  2607 | D:3      | 2607 ||| DROPPING potion of lignification.
  2996 | D:5      | Noticed an ice beast
  3000 | D:5      | Killed an ice beast
  3001 | D:5      | Reached skill level 9 in Ranged Weapons
  3001 | D:5      | Reached XP level 6. HP: 34/34 MP: 8/8
  3021 | D:5      | Reached skill level 3 in Dodging
  3175 | D:5      | Reached skill level 10 in Ranged Weapons
  3175 | D:5      | Reached XP level 7. HP: 37/40 MP: 9/9
  3187 | D:5      | Found an ornate altar of the Wu Jian Council.
  3231 | D:5      | Found a runed translucent gate.
  3232 | D:5      | Found a runed translucent gate.
  3232 | D:5      | Identified the +4 dagger "Gegh" {heavy, rElec rPois rCorr}
  3232 | D:5      | Identified the +6 scale mail "Naloq" {rElec Stlth+}
  3233 | D:5      | Found a runed translucent gate.
  3235 | D:5      | Noticed qw's ghost (amateur DEHu)
  3335 | D:5      | 3335 ||| FLEEEEING.
  3336 | D:5      | 3336 ||| FLEEEEING.
  3337 | D:5      | 3337 ||| FLEEEEING.
  3338 | D:5      | 3338 ||| FLEEEEING.
  3339 | D:5      | 3339 ||| FLEEEEING.
  3340 | D:5      | 3340 ||| FLEEEEING.
  3341 | D:5      | 3341 ||| FLEEEEING.
  3342 | D:5      | 3342 ||| FLEEEEING.
  3343 | D:5      | 3343 ||| FLEEEEING.
  3344 | D:5      | 3344 ||| FLEEEEING.
  3345 | D:5      | 3345 ||| FLEEEEING.
  3346 | D:5      | 3346 ||| FLEEEEING.
  3469 | D:5      | Found Olau's Armour Boutique.
  3477 | D:5      | 3477 ||| BUYING +0 helmet (67 gold).
  3477 | D:5      | Bought a +0 helmet for 67 gold pieces
  3477 | D:5      | 3477 ||| SHOPLISTING +0 scale mail "Davu" {rF+ rC+ Str+4
                  | Int-3} (406 gold, have 199).
  3477 | D:5      | 3477 ||| BUYING +0 scale mail of fire resistance (165
                  | gold).
  3477 | D:5      | Bought a +0 scale mail of fire resistance for 165 gold
                  | pieces
  3562 | D:5      | 3562 ||| Stepping ~*~*~tactically~*~*~ (outnumbered).
  3567 | D:5      | 3567 ||| Stepping ~*~*~tactically~*~*~ (outnumbered).
  3576 | D:5      | HP: 4/40 [orc priest/divine providence (15)]
  3577 | D:5      | 3577 ||| READING 4 scrolls of teleportation.
  3577 | D:5      | Slain by an orc priest

Levels and vault maps discovered:
D:1:      matt_arrival_refuge, layout_loops_ring,
          dreamdust_ecumenical_altar_statues, minmay_tromino_v4_b
D:2:      layout_rooms, basic_altar
D:3:      layout_loops_ring, nzn_hepliaklqana_mist_gate,
          cheibrodos_ashenzari_chains, uniq_crazy_yiuf_cottage, uniq_jessica
D:4:      layout_basic, lemuel_doored_altar, dancing_weapons_uskayaw
D:5:      layout_gridville, nicolae_wu_jian_wuxing_cycle,
          biasface_ghost_orc_armoury, serial_shops, shop_fountains, minivault_24

Skill      XL: |  1  2  3  4  5  6  7 |
---------------+----------------------+-----
Ranged Weapons | 6 7 8 9 10 | 10.8
Dodging        | 3 4 |  4.4
Fighting       | 2 |  2.8
Stealth        | |  1.2

Action                     |  1- 3 |  4- 6 |  7- 9 || total
---------------------------+-------+-------+-------++-------
   Fire: Shortbow          |   116 |   122 |    39 ||   277
    Use: Scroll            |     3 |     7 |     1 ||    11
         Potion            |       |     5 |       ||     5
 Armour: Leather armour    |     1 |     7 |     3 ||    11
  Dodge: Dodged            |    14 |    28 |     6 ||    48

Table legend:
 A = Non-vault XP
 B = Vault XP
 C = Vault XP percentage of total XP
 D = Non-vault monster count
 E = Vault monster count
 F = Vault count percentage of total count
                 A         B        C        D         E       F
            +---------+---------+-------+---------+---------+-------
      Total |    1054 |      38 |   3.5 |     100 |       2 |   2.0
            +---------+---------+-------+---------+---------+-------
        D:1 |      46 |       1 |   2.1 |      25 |       1 |   3.8
        D:2 |      65 |       0 |   0.0 |      25 |       0 |   0.0
        D:3 |      44 |      37 |  45.7 |      13 |       1 |   7.1
        D:4 |      69 |       0 |   0.0 |      13 |       0 |   0.0
        D:5 |     830 |       0 |   0.0 |      24 |       0 |   0.0
            +---------+---------+-------+---------+---------+-------
